 Dungeon Crawl Stone Soup version 0.28-a0-1412-gf95308ed99 (webtiles) character file.

Game seed: 3834386006829838262

183 Clumpoid the Poker (level 5, -6/45 HPs)
             Began as a Ghoul Fighter on Jan 6, 2022.
             Mangled by a worm (8 damage)
             ... on level 3 of the Dungeon.
             The game lasted 00:01:23 (1969 turns).

Clumpoid the Poker (Ghoul Fighter)                  Turns: 1969, Time: 00:01:24

Health: -6/45      AC:  6    Str: 20    XL:     5   Next: 62%
Magic:  4/4        EV:  9    Int:  5    God:
Gold:   146        SH:  4    Dex:  8    Spells: 4/4 levels left

rFire   . . .      SeeInvis .   a - +0 trident
rCold   + . .      Faith    .   c - +0 buckler
rNeg    + + +      Spirit   .   b - +0 scale mail
rPois   ∞          Reflect  .   (no helmet)
rElec   .          Harm     .   (no cloak)
rCorr   .          Rampage  .   (no gloves)
Will    .....                   (no boots)
Stlth   ..........              (no amulet)
HPRegen 0.00/turn               (no ring)
MPRegen 0.09/turn               (no ring)

@: inhibited regen
A: claws 1, cold resistance 1, negative energy resistance 3, inhibited
regeneration, torment resistance 2
a: no special abilities


You were on level 3 of the Dungeon.
You visited 1 branch of the dungeon, and saw 3 of its levels.

You collected 146 gold pieces.

Inventory:

Hand Weapons
 a - a +0 trident (weapon)
Armour
 b - a +0 scale mail (worn)
 c - a +0 buckler (worn)
Potions
 h - 2 potions of lignification


   Skills:
 - Level 3.2 Fighting
 + Level 5.1 Polearms
 - Level 2.6 Armour
 - Level 2.6 Shields


You had 4 spell levels left.
You didn't know any spells.
Your spell library was empty.

Dungeon Overview and Level Annotations

Branches:
Dungeon (3/15)

Altars:
Wu Jian


Innate Abilities, Weirdness & Mutations

You thrive by killing the living.
You are immune to poison.
You have sharp fingernails.
Your flesh is cold resistant. (rC+)
You are immune to negative energy. (rN+++)
You do not regenerate when monsters are visible.
You are immune to unholy pain and torment.


Message History

You hit the adder but do no damage. The adder closely misses you.
You miss the adder. The adder bites you.
The adder bites you but does no damage.
You closely miss the adder. You block the adder's attack.
You barely miss the adder. You block the adder's attack.
The adder bites you but does no damage.
You hit the adder.
The adder is severely wounded.
The adder bites you but does no damage.
You closely miss the adder.
The adder is severely wounded.
The adder bites you but does no damage. x2
You hit the adder.
The adder is almost dead.
The adder bites you but does no damage.
You miss the adder.
The adder is almost dead.
The adder barely misses you. x2
You barely miss the adder.
The adder is almost dead.
The adder bites you.
* * * LOW HITPOINT WARNING * * *
You closely miss the adder.
The adder is almost dead.
The adder bites you but does no damage.
You closely miss the adder.
The adder is almost dead.
The adder bites you but does no damage. x2
You hit the adder.
You kill the adder!
You puncture the worm!
The worm is severely wounded.
You hit the worm.
The worm is almost dead.
The worm bites you!
* * * LOW HITPOINT WARNING * * *
You barely miss the worm.
The worm is almost dead.
The worm bites you!
You die...

#..# ..## .########
......... .########
....# ########### ###.#
#.........# .##.#
#.#######.#
.##.####.#######@#### #
.#..............#w..##.#
....####.#######.#.....#
....# #.# #.#..####
....# #.# #.#†.# .#..#
#.# #[#[.# .#..# #.#
...... .#..# #.. $...##.
##..# ### ....# .


You could see a worm.

Vanquished Creatures
  An ice beast (D:3)
  3 adders (D:3)
  2 worms
  An orc (D:3)
  5 endoplasms
  2 giant cockroaches (D:2)
  2 goblins (D:1)
  5 hobgoblins
  3 jackals (D:1)
  3 kobolds
  5 quokkas
  5 ball pythons
  5 bats
  4 frilled lizards
  5 rats
51 creatures vanquished.

Vanquished Creatures (others)
  4 fungi (D:3)
  6 toadstools (D:3)
10 creatures vanquished.

Grand Total: 61 creatures vanquished

Notes
Turn   | Place    | Note
-------+----------+-------------------------------------------
     0 | D:1      | Clumpoid the Ghoul Fighter began the quest for the Orb.
     0 | D:1      | Reached XP level 1. HP: 19/19 MP: 0/0
    28 | D:1      | Reached skill level 2 in Polearms
    80 | D:1      | Reached XP level 2. HP: 26/26 MP: 1/1
   377 | D:1      | Reached skill level 3 in Polearms
   416 | D:1      | Reached XP level 3. HP: 31/31 MP: 2/2
   648 | D:2      | Found an ornate altar of the Wu Jian Council.
  1517 | D:3      | Reached XP level 4. HP: 33/38 MP: 3/3
  1557 | D:3      | Noticed an ice beast
  1576 | D:3      | Killed an ice beast
  1577 | D:3      | Reached skill level 4 in Polearms
  1577 | D:3      | Reached XP level 5. HP: 10/45 MP: 4/4
  1827 | D:3      | Reached skill level 5 in Polearms
  1968 | D:3      | HP: 2/45 [worm (8)]
  1969 | D:3      | Mangled by a worm

Illustrated notes

Levels and vault maps discovered:
D:1:      minmay_arrival_open_corners, layout_basic
D:2:      layout_basic, basic_altar, roderic_roman_lattice
D:3:      layout_loops_ring, minmay_gold_behind_fungi, uniq_ijyb, uniq_jessica,
          uniq_crazy_yiuf_cottage

Skill      XL: |  1  2  3  4  5 |
---------------+----------------+-----
Polearms       | 2 3 4 5 |  5.1
Fighting       | |  3.2
Armour         | |  2.6
Shields        | |  2.6

Action                   |  1- 3 |  4- 6 || total
-------------------------+-------+-------++-------
Melee: Trident           |   108 |    67 ||   175
  Use: Scroll            |     4 |       ||     4
       Potion            |     3 |     1 ||     4
Armor: Scale mail        |    33 |    23 ||    56
Dodge: Dodged            |    28 |    20 ||    48
Block: Buckler           |    18 |    10 ||    28

Table legend: (Time is in decaauts)
 A = Elapsed time spent in this place.
 B = Non-inter-level travel time spent in this place.
 C = Inter-level travel time spent in this place.
 D = Time resting spent in this place.
 E = Time spent auto-exploring this place.
 F = Levels seen in this place.
 G = Mean time per level.
                   A        B        C        D        E       F      G
               +--------+--------+--------+--------+--------+-----+--------+
         Total |   1978 |   1927 |     51 |     66 |   1513 |   3 |  659.3 |
       Dungeon |   1978 |   1927 |     51 |     66 |   1513 |   3 |  659.3 |
               +--------+--------+--------+--------+--------+-----+--------+

Top non-repeatable levels by time:
     D:2: 847 daAuts
     D:1: 659 daAuts
     D:3: 470 daAuts
